 Dungeon Crawl Stone Soup version 0.18-b1-10-g3f7de93 (webtiles) character file.

28 Chiseanne the Magician (level 3, 24/24 HPs)
             Began as a Demonspawn Wizard on Apr 29, 2016.
             Quit the game on level 1 of the Dungeon.
             The game lasted 00:03:27 (1097 turns).

Chiseanne the Magician (Demonspawn Wizard)          Turns: 1097, Time: 00:03:27

Health: 24/24      AC:  2    Str:  7    XL:     3   Next: 0%
Magic:  4/7        EV: 12    Int: 20    God:
Gold:   99         SH:  4    Dex: 13    Spells: 3 memorised, 3 levels left

rFire  . . .     SeeInvis .     j - +0 spear
rCold  . . .     Gourm    .     a - +0 robe
rNeg   . . .     Faith    .     m - +0 buckler
rPois  .         Spirit   .     b - +0 hat
rElec  .         Dismiss  .     (no cloak)
rCorr  .         Reflect  .     (no gloves)
SustAt .         Harm     .     (no boots)
MR     .....                    (no amulet)
Stlth  ++........               (no ring)
                                (no ring)

@: repel missiles, not resistant to hostile enchantments, unstealthy
A: thin skeletal structure 1, demonic guardian 1
a: no special abilities


You were on level 1 of the Dungeon.
You were not hungry.

You visited 1 branch of the dungeon, and saw 1 of its levels.

You collected 99 gold pieces.

Inventory:

Hand Weapons
 j - a +0 spear (weapon)
Missiles
 f - 52 arrows
 p - 6 stones (quivered)
Armour
 a - a +0 robe (worn)
 b - a +0 hat (worn)
 m - a +0 buckler (worn)
Scrolls
 e - a scroll of remove curse
Potions
 g - a potion of might
 l - a potion of agility {unknown}
Books
 c - a book of Minor Magic

   Spells                             Type                      Level
   a - Magic Dart                     Conjuration                  1
   b - Blink                          Translocation                2
   c - Call Imp                       Summoning                    2
   d - Repel Missiles                 Charms/Air                   2
   e - Slow                           Hexes                        2
   f - Conjure Flame                  Conjuration/Fire             3
   g - Mephitic Cloud                 Conjuration/Poison/Air       3
Comestibles
 d - a bread ration
 k - 3 chunks of flesh
 n - a slice of pizza


   Skills:
 - Level 1.7 Dodging
 - Level 1.7 Stealth
 + Level 1.8 Shields
 - Level 3.2 Spellcasting
 - Level 1.4 Conjurations
   Level 1.0 Summonings
 - Level 0.8 Translocations


You had 3 spell levels left.
You knew the following spells:

 Your Spells              Type           Power        Failure   Level  Hunger
a - Magic Dart            Conj           #...         12%         1    None
b - Repel Missiles        Chrm/Air       #.....       30%         2    ##.....
c - Blink                 Tloc           N/A          21%         2    ##.....


Dungeon Overview and Level Annotations

Branches:
Dungeon (1/15)

Altars:


Innate Abilities, Weirdness & Mutations

You have a somewhat thin skeletal structure (Dex +2, Stealth).
A weak demonic guardian rushes to your aid.


Message History

Press: ? - help, Shift-Dir - straight line, f - bat
Aim: a bat (resting)
The magic dart hits the bat.
The bat is severely wounded.
Casting: Magic Dart
Confirm with . or Enter, or press ? or * to list all spells.
Aiming: Magic Dart
Press: ? - help, Shift-Dir - straight line, f/p - bat
Aim: a bat (severely wounded)
The magic dart hits the bat.
You kill the bat!
You have reached level 3!
Your experience leads to an increase in your attributes!
Increase (S)trength, (I)ntelligence, or (D)exterity?
You feel clever.
Your demonic ancestry asserts itself...
You feel the presence of a demonic guardian.
You see here a bat corpse.
You butcher the bat corpse.
k - 3 chunks of flesh (gained 1) Are you sure you want to abandon this character and quit the game? (Confirm with "yes".)

#.# ##..#......# *,*
#.>#......#
*,*****##.#......#
*,,,,,,*#.#......#
******,*#.#......#
*,*#.#......###
*,*#.#......'..
######.##.#......###
#..@...##.##'##.....
#.#######.##.##.#...
#.# #.##.##.#.## #.#
#.##.##.#.#. #.#
#.##.##.#.#. #.#
#.##..).#.#. #.#
#.#######.## #.# #.#
#.# #.# #.# #.#


There were no monsters in sight!

Vanquished Creatures
  An adder (D:1)
  A dart slug (D:1)
  A goblin (D:1)
  2 hobgoblins (D:1)
  3 kobolds (D:1)
  A ball python (D:1)
  4 bats (D:1)
  4 rats (D:1)
17 creatures vanquished.

Notes
Turn   | Place    | Note
--------------------------------------------------------------
     0 | D:1      | Chiseanne the Demonspawn Wizard began the quest for the Orb.
     0 | D:1      | Reached XP level 1. HP: 13/13 MP: 4/4
   363 | D:1      | Reached skill level 1 in Shields
   363 | D:1      | Gained mutation: You have a somewhat thin skeletal structure (Dex +2, Stealth). [demonic ancestry]
   363 | D:1      | Reached XP level 2. HP: 8/19 MP: 0/6
   475 | D:1      | Learned a level 2 spell: Repel Missiles
   478 | D:1      | Learned a level 2 spell: Blink
  1092 | D:1      | Gained mutation: A weak demonic guardian rushes to your aid. [demonic ancestry]
  1092 | D:1      | Reached XP level 3. HP: 24/24 MP: 4/7
  1097 | D:1      | Quit the game

Skill      XL: |  1 |
---------------+----+-----
Shields        | 1 |  1.8
Dodging        | |  1.7
Stealth        | |  1.7
Spellcasting   | |  3.2
Conjurations   | |  1.4
Summonings     | |  1.0
Translocations | |  0.8

Action                   || total
-------------------------++-------
Melee: Spear             ||    15
 Cast: Magic Dart        ||    41
       Blink             ||     1
       Repel Missiles    ||     1
  Use: Scroll            ||     6
       Potion            ||     1
  Eat: Chunk             ||     1
Armor: Robe              ||     2
Dodge: Dodged            ||    15
Block: Buckler           ||     4
